 Dungeon Crawl Stone Soup version 0.29.1-15-g9cfb28693d (webtiles) character file.

Game seed: 9295100125342924681

239 hawla the Chiller (level 6, 0/41 HPs)
             Began as a Meteoran Ice Elementalist on Apr 23, 2023.
             Was an Initiate of Vehumet.
             Slain by an ice beast (1 damage)
             ... on level 5 of the Dungeon.
             The game lasted 00:04:43 (925 turns).

hawla the Chiller (Meteoran Ice Elementalist)        Turns: 925, Time: 00:04:44

Health: 0/41       AC:  3    Str: 10    XL:     6   Next: 55%
Magic:  14/14      EV: 12    Int: 19    God:    Vehumet [......]
Gold:   33         SH:  0    Dex: 14    Spells: 11/15 levels left

rFire   . . .      SeeInvis .   (no weapon)
rCold   . . .      Faith    .   (no shield)
rNeg    . . .      Spirit   .   a - +0 robe
rPois   .          Reflect  .   (no helmet)
rElec   .          Harm     .   (no cloak)
rCorr   .          Rampage  .   (no gloves)
Will    .....                   d - +0 pair of boots
Stlth   +.........              (no amulet)
HPRegen 0.13/turn               (no ring)
MPRegen 0.14/turn               (no ring)

@: glowing, unable to drink
A: sense surroundings 1, otherworldly, glowing, explore regen, frail 1, subdued
magic 1, inability to drink after injury 1
a: Renounce Religion


You were on level 5 of the Dungeon.
You worshipped Vehumet.
Vehumet was noncommittal.
You visited 2 branches of the dungeon, and saw 6 of its levels.

You collected 33 gold pieces.

Inventory:

Armour
 a - a +0 robe (worn)
 d - a +0 pair of boots (worn)
Scrolls
 g - a scroll of poison
Potions
 b - a potion of attraction
 e - a potion of flight
 f - a potion of ambrosia
 h - 2 potions of curing
 i - 2 potions of degeneration {unknown}


   Skills:
 + Level 0.5 Fighting
 + Level 2.8 Dodging
 - Level 1.4 Stealth
 + Level 5.0 Spellcasting
 + Level 6.5 Ice Magic


You had 11 spell levels left.
You knew the following spells:

 Your Spells              Type           Power      Damage    Failure   Level
a - Freeze                Ice            88%        1d10      1%          1
b - Frozen Ramparts       Ice            44%        1d7       1%          3

Your spell library contained the following spells:

 Spells                   Type           Power      Damage    Failure   Level
 Ozocubu's Armour         Ice            22%        N/A       1%          3
 Hailstorm                Conj/Ice       13%        3d5       28%         4
 Fireball                 Conj/Fire      1%         3d3       97%         5
 Starburst                Conj/Fire      1%         6d3       100%        6
 Ignition                 Fire           1%         3d3       100%        8


Dungeon Overview and Level Annotations

Branches:
Dungeon (5/15) Zot: 2252   Temple (1/1) D:4 Zot: 411

Altars:
Fedhas
Kikubaaqudgha
Qazlal
Vehumet
Yredelemnul
Zin
The Shining One


Innate Abilities, Weirdness & Mutations

You passively map a small area around you.
You are easily found by Zot.
You glow in the dark.
You regain HP and MP as you explore.
You are frail. (-10% HP)
Your spells are a little easier to cast, but a little less powerful.
You occasionally lose the ability to drink potions when taking damage.


Message History

Vehumet accepts your kill.
The frozen ramparts melt away as you move.
Found a stone staircase leading down.
You pick up a book of Fire and begin reading...
You add the spells Fireball, Starburst and Ignition to your library.
Found 3 stones.
You hear the slow rusting of a very distant drain.
An ice beast comes into view.
Casting: Frozen Ramparts (safe; 1% risk of failure)
Confirm with . or Enter, or press ? or * to list all spells.
You don't know that spell.
The air fills with toxic fumes!
As you read the scroll labelled CUBREZXEAZ, it crumbles to dust.
It was a scroll of poison.
Casting: Frozen Ramparts (safe; 1% risk of failure)
Confirm with . or Enter, or press ? or * to list all spells.
Aiming: Freeze (safe; 1% risk of failure)
Press: ? - help, Shift-Dir - straight line, f - ice beast
Aim: an ice beast (poison gas)
You freeze the ice beast but do no damage.
The ice beast completely resists.
The ice beast closely misses you.
Unknown command.
You hit the ice beast but do no damage. The ice beast misses you.
You aren't carrying any items that you can evoke.
The ice beast misses you. The ice beast barely misses you.
The ice beast completely misses you.
The ice beast hits you but does no damage.
The ice beast hits you. The ice beast freezes you! The ice beast hits you.
The ice beast freezes you!
As you read the scroll of identify, it crumbles to dust.
h - 2 potions of curing The ice beast hits you.
The ice beast freezes you!
You feel threatened and lose the ability to drink potions!
* * * LOW HITPOINT WARNING * * *
Unknown command.
You cannot drink potions in your current state!
The ice beast completely misses you. The ice beast attacks as you move away!
The ice beast hits you.
You die...

..#......).#..#
#§#○#......#..##### *
#☼#§##.####........
*#.#☼##☼# #.......> *
*#§#☼##§####........
,,##§#§#○○☼○§...##§≈§≈
,*#°.#.§☼.☼§○...# §.§
, **#.Y#☼○§○○§☼...# ,
.# * #°§@☼○.☼§.°...#*
# §§§.☼§☼.☼§§°§☼....#
####.§°§§○○§☼☼§.....
~,, ####.###☼###.##...
* #.# #.# #.# ... ,
#.# .# # ~ #○# *, *,*
* #§# , * , * , *


You could see an ice beast.

Vanquished Creatures
  A scorpion (D:5)
  3 orc priests
  An orc wizard (D:4)
  3 adders
  An ufetubus (D:5)
  A dart slug (D:3)
  4 orcs
  2 ball pythons
  An endoplasm (D:2)
  A giant cockroach (D:2)
  2 goblins
  3 hobgoblins
  2 jackals (D:2)
  A quokka (D:1)
  3 frilled lizards
  A kobold (D:2)
  3 rats (D:2)
33 creatures vanquished.

Notes
Turn   | Place    | Note
-------+----------+-------------------------------------------
     0 | D:1      | hawla the Meteoran Ice Elementalist began the quest for the
                  | Orb.
     0 | D:1      | Reached XP level 1. HP: 14/14 MP: 5/5
    99 | D:2      | Reached XP level 2. HP: 17/20 MP: 4/6
   110 | D:2      | Reached XP level 3. HP: 17/26 MP: 4/8
   166 | D:2      | Reached skill level 5 in Ice Magic
   171 | D:2      | Learned a level 3 spell: Frozen Ramparts
   271 | D:3      | Reached XP level 4. HP: 32/33 MP: 5/10
   438 | D:4      | Gained mutation: You occasionally lose the ability to drink
                  | potions when taking damage. [potion of mutation]
   438 | D:4      | Gained mutation: You have hidden genetic defects. [potion
                  | of mutation]
   483 | D:4      | Reached XP level 5. HP: 11/38 MP: 6/11
   491 | D:4      | Reached skill level 6 in Ice Magic
   491 | D:4      | Gained mutation: Your spells are a little easier to cast,
                  | but a little less powerful. [hidden defects]
   512 | D:4      | Reached XP level 6. HP: 41/45 MP: 7/13
   563 | D:4      | Found a staircase to the Ecumenical Temple.
   574 | Temple   | Entered the Ecumenical Temple
   734 | Temple   | Became a worshipper of Vehumet
   760 | D:5      | Entered Level 5 of the Dungeon
   771 | D:5      | Gained mutation: You are frail. (-10% HP) [hidden defects]
   771 | D:5      | Lost mutation: You have hidden genetic defects. [hidden
                  | defects expressed]
   789 | D:5      | Reached skill level 5 in Spellcasting
   845 | D:5      | Found a glowing silver altar of Zin.
   845 | D:5      | Noticed an angel
   913 | D:5      | Noticed an ice beast
   923 | D:5      | HP: 1/41 [ice beast (13)]
   925 | D:5      | Slain by an ice beast

Illustrated notes

Levels and vault maps discovered:
D:1:      dpeg_arrival_ternary, layout_rooms,
          hellmonk_ecumenical_altar_pennies_from_heaven
D:2:      layout_basic
D:3:      cheibrodos_old_hovel, layout_rooms, lemuel_coloured_pillars_altar,
          slow_altar_2
D:4:      layout_basic, grunt_dithmenos_smoke, nzn_hepliaklqana_mist_gate,
          minmay_temple_entry_stoned_glass, serial_shops, nicolae_stop_n_shop_1,
          lightli_minifort, uniq_edmund, uniq_blork_the_orc
D:5:      layout_basic, zin_angel, mainiacjoe_overflow_brackets,
          portal_sewer_entry_f, serial_co_window_serial, co_window_paths_a,
          co_window_paths_a, co_window_paths_a, co_window_paths_b,
          co_window_paths_a, co_window_corner_a, co_window_paths_a,
          co_window_corner_a, co_window_paths_b, co_window_paths_c,
          co_window_unsneaky_path_a, co_window_broadway_b, glass_columns_b
Temple:   nicolae_temple_bog_church

Skill      XL: |  1  2  3  4  5  6 |
---------------+-------------------+-----
Spellcasting   | 3 4 5 |  5.0
Ice Magic      | 5 6 |  6.5
Fighting       | |  0.5
Dodging        | |  2.8
Stealth        | |  1.4

Action                   |  1- 3 |  4- 6 || total
-------------------------+-------+-------++-------
Melee: Unarmed           |     7 |     9 ||    16
 Cast: Freeze            |    24 |    10 ||    34
       Frozen Ramparts   |     2 |    10 ||    12
  Use: Potion            |     1 |     2 ||     3
       Scroll            |       |     5 ||     5
Armor: Robe              |    12 |     5 ||    17
Dodge: Dodged            |    18 |    21 ||    39
